 Dungeon Crawl Stone Soup version 0.32-a0-18-g89e19f1974 (webtiles) character file.

Game seed: 345479224458925023

1200 Dirtsage the Changeling (level 8, -1/54 HPs)
             Began as an Octopode Shapeshifter on Jan 16, 2024.
             Slain by a bullfrog (9 damage)
             ... on level 6 of the Dungeon.
             The game lasted 00:08:31 (5232 turns).

Dirtsage the Changeling (Octopode Shapeshifter)     Turns: 5232, Time: 00:08:32

Health: -1/54      AC:  1    Str: 13    XL:     8   Next: 44%
Magic:  8/8        EV: 15    Int: 13    God:
Gold:   165        SH:  0    Dex: 19    Spells: 7/7 levels left

rFire   . .          .
                       - Unarmed
rCold   + . .        (no shield)
rNeg    . . .        (helmet currently unavailable)
rPois   .            (no amulet)
rElec   .            I - ring of protection from cold
rCorr   .            q - +6 ring of dexterity
SInv    .            (no ring)
Will    .....        (no ring)
Stlth   +++          (no ring)
HPRegen 0.29/turn    (no ring)
MPRegen 0.11/turn    (no ring)
                     (no ring)

%: no passive effects
@: beast-form
A: beast (slay +3), almost no armour, amphibious, 8 rings, camouflage 1,
gelatinous body 1, (nimble swimmer 1), tentacles
a: Begin Untransformation


You were on level 6 of the Dungeon.
You were a hulking beast.
You visited 1 branch of the dungeon, and saw 6 of its levels.

You collected 255 gold pieces.
You spent 90 gold pieces at shops.

Inventory:

Jewellery
 q - a +6 ring of dexterity (right tentacle)
 I - a ring of protection from cold (left tentacle)
Talismans
 c - a flux talisman
 j - a beast talisman
Wands
 f - a wand of flame (17)
 D - a wand of digging (8)
Scrolls
 a - 2 scrolls of fog
 h - 2 scrolls of fear {unknown}
 n - 2 scrolls of enchant weapon {unknown}
 p - a scroll of noise {unknown}
 t - 7 scrolls of teleportation
 v - 4 scrolls of brand weapon {unknown}
Potions
 d - a potion of might
 e - a potion of magic
 g - 5 potions of curing {unknown}
 k - 3 potions of mutation {unknown}
 l - 4 potions of heal wounds
 m - a potion of cancellation
 o - 2 potions of lignification
 r - 4 potions of haste {unknown}
 s - a potion of enlightenment
 u - 3 potions of degeneration


   Skills:
 + Level 4.3 Fighting
 + Level 4.6 Dodging
 + Level 5.2 Unarmed Combat
 * Level 6.4 Shapeshifting


You had 7 spell levels left.
You didn't know any spells.
Your spell library contained the following spells:

 Spells                   Type           Power      Damage    Failure   Level
 Call Canine Familiar     Summ           0%         N/A       67%         3
 Gell's Gravitas          Tloc           0%         N/A       67%         3
 Sigil of Binding         Hex            0%         N/A       67%         3
 Teleport Other           Tloc           0%         N/A       67%         3
 Dimensional Bullseye     Hex/Tloc       0%         N/A       97%         4
 Dispersal                Tloc           0%         N/A       100%        6


Dungeon Overview and Level Annotations

Branches:
Dungeon (6/15)
 Temple: D:4-7

Altars:
Xom

Shops:
D:4 !   D:5 [

Annotations:
D:5 2 transporters


Innate Abilities, Weirdness & Mutations

You are a hulking beast.
Your limbs bulge with bestial killing power. (Slay +3)
You cannot wear most types of armour.
You are amphibious.
You can wear up to eight rings at the same time.
Your skin changes colour to match your surroundings (Stealth+).
Your rubbery body absorbs attacks. (AC +1, EV +1)
((You are camouflaged when in or above water. (Stealth+)))
You have tentacles for arms and can constrict up to eight enemies at once.


Message History

You constrict the sleepcap.
The bullfrog hits you but does no damage.
The sleepcap releases spores at you.
You are engulfed in a cloud of soporific spores!
You are unaffected.
The kobold brigand hits you with a +0 short sword!
The bullfrog misses you.
You take 10 damage, and have 26/54 hp.
You tentacle-slap the sleepcap. You squeeze the sleepcap.
The sleepcap is severely damaged.
You constrict the sleepcap. The sleepcap releases spores at you!
You are engulfed in a cloud of soporific spores!
You are unaffected.
The kobold brigand closely misses you. The bullfrog hits you.
* * * LOW HITPOINT WARNING * * *
You take 10 damage, and have 16/54 hp.
You bludgeon the sleepcap!
You destroy the sleepcap!
The bullfrog misses you. The kobold brigand misses you.
You completely miss the kobold brigand. You grab the kobold brigand.
You constrict the kobold brigand. The bullfrog barely misses you.
The kobold brigand misses you. The bullfrog closely misses you.
You tentacle-slap the kobold brigand but do no damage.
The kobold brigand is lightly wounded.
You constrict the kobold brigand, but do no damage.
The bullfrog closely misses you.
The kobold brigand hits you with a +0 short sword!
* * * LOW HITPOINT WARNING * * *
You take 7 damage, and have 9/54 hp.
You tentacle-slap the kobold brigand.
The kobold brigand is lightly wounded.
You constrict the kobold brigand. The bullfrog completely misses you.
The kobold brigand closely misses you. The bullfrog hits you.
* * * LOW HITPOINT WARNING * * *
You take 1 damage, and have 8/54 hp.
You tentacle-slap the kobold brigand.
The kobold brigand is moderately wounded.
You constrict the kobold brigand, but do no damage.
The bullfrog hits you!
You die...

~P~.~.~ ... [.~....
..# .......####..#
...# ...#... #..#
.....### #..#
#..#...# . #..#
##..F...#.. ..#
#<.###..h._.....
....#...##..#K......
#......#...##...#..
##...(.....# .##...
#..........# . .#
#..............# .
#...#.........###
#...###......###
...# ......##


You could see a kobold brigand and a bullfrog.

Vanquished Creatures
  Sigmund (D:3)
  Duvessa (D:5)
  A centaur (D:5)
  5 scorpions
  Dowan (D:5)
  2 bombardier beetles (D:4)
  2 jellies (D:5)
  A hound (D:5)
  4 iguanas
  A sleepcap (D:6)
  Ijyb (D:3)
  6 gnolls
  4 adders
  A dart slug (D:1)
  3 ribbon worms
  6 orcs
  4 endoplasms
  4 giant cockroaches
  11 goblins
  12 hobgoblins
  5 jackals
  4 quokkas
  6 ball pythons
  5 bats
  2 frilled lizards
  6 kobolds
  10 rats
109 creatures vanquished.

Notes
Turn   | Place    | Note
-------+----------+-------------------------------------------
     0 | D:1      | Dirtsage the Octopode Shapeshifter began the quest for the
                  | Orb.
     0 | D:1      | Reached XP level 1. HP: 13/13 MP: 1/1
    98 | D:1      | Reached XP level 2. HP: 18/18 MP: 2/2
   405 | D:1      | Reached XP level 3. HP: 3/23 MP: 3/3
  1103 | D:2      | Reached XP level 4. HP: 4/29 MP: 4/4
  1105 | D:2      | HP: 2/43 [poisoned by an adder]
  1877 | D:2      | Reached skill level 4 in Shapeshifting
  2180 | D:3      | Noticed Sigmund
  2191 | D:3      | Killed Sigmund
  2192 | D:3      | Reached XP level 5. HP: 21/35 MP: 5/5
  2192 | D:3      | Reached XP level 6. HP: 25/41 MP: 6/6
  2869 | D:3      | Noticed Ijyb
  2876 | D:3      | Killed Ijyb
  3272 | D:4      | Found Alyfayxi's Distillery.
  3282 | D:4      | Bought a potion of might for 40 gold pieces
  3282 | D:4      | Bought a potion of heal wounds for 50 gold pieces
  3533 | D:4      | Reached skill level 5 in Shapeshifting
  3533 | D:4      | Reached XP level 7. HP: 32/46 MP: 7/7
  3811 | D:5      | Entered Level 5 of the Dungeon
  4063 | D:5      | Found a transporter.
  4091 | D:5      | Found a transporter.
  4134 | D:5      | Found a glowing drain.
  4620 | D:5      | Reached XP level 8. HP: 28/54 MP: 8/8
  4804 | D:5      | Found Joodua's Armour Shoppe.
  4814 | D:5      | Reached skill level 6 in Shapeshifting
  4855 | D:5      | Reached skill level 5 in Unarmed Combat
  4939 | D:5      | Noticed Dowan
  4941 | D:5      | Noticed Duvessa
  4951 | D:5      | Killed Duvessa
  4960 | D:5      | Killed Dowan
  5219 | D:6      | Found a shimmering altar of Xom.
  5232 | D:6      | Slain by a bullfrog

Illustrated notes

Levels and vault maps discovered:
D:1:      orjb1_clovarrival, layout_basic, minmay_tromino_v2
D:2:      layout_basic, st_stairs_14
D:3:      layout_basic, uniq_sigmund, uniq_ijyb
D:4:      layout_rooms, serial_shops, nicolae_square_shop
D:5:      gammafunk_steamed_eel, layout_basic, gup_sewer_entry_glass,
          serial_shops, nicolae_shop_just_a_little_nook, uniq_duvessa
D:6:      layout_layer_cave, fedhas_altar_decomposition,
          hangedman_feature_mirror, chequers_big_river, uniq_pikel

Skill      XL: |  1  2  3  4  5  6  7  8 |
---------------+-------------------------+-----
Fighting       | 2 3 4 |  4.3
Shapeshifting  | 4 5 6 |  6.4
Dodging        | 3 4 |  4.6
Unarmed Combat | 4 5 |  5.2

Action                     |  1- 3 |  4- 6 |  7- 9 || total
---------------------------+-------+-------+-------++-------
  Melee: Unarmed           |    77 |   103 |    85 ||   265
         Constrict         |    22 |    29 |    20 ||    71
         Tentacles         |    11 |    22 |    27 ||    60
         Punch             |     2 |     5 |     1 ||     8
    Use: Potion            |     1 |     1 |     1 ||     3
         Scroll            |       |     4 |     2 ||     6
   Stab: Sleeping          |     3 |    10 |     2 ||    15
 Armour: Skin              |    39 |    35 |    43 ||   117
  Dodge: Dodged            |    37 |    49 |    56 ||   142

Table legend: (Time is in decaauts)
 A = Elapsed time spent in this place.
 B = Non-inter-level travel time spent in this place.
 C = Inter-level travel time spent in this place.
 D = Time resting spent in this place.
 E = Time spent auto-exploring this place.
 F = Levels seen in this place.
 G = Mean time per level.
                   A        B        C        D        E       F      G
               +--------+--------+--------+--------+--------+-----+--------+
         Total |   5209 |   5060 |    149 |     52 |   4284 |   6 |  868.2 |
       Dungeon |   5209 |   5060 |    149 |     52 |   4284 |   6 |  868.2 |
               +--------+--------+--------+--------+--------+-----+--------+

Top non-repeatable levels by time:
     D:5: 1395 daAuts
     D:3: 1196 daAuts
     D:2: 1109 daAuts
     D:1: 937 daAuts
     D:4: 552 daAuts
     D:6: 17 daAuts
